AoeStats
← tarepo

Black Forest

507973804Analyzed
4v4 RM · 10d ago on Sep 20, 2026· 47m 38s· 8 players
Game mode
Random Map
Map size
Large (8 player)
Population
200
Speed
Normal
Resources
Standard
Victory
Conquest
Starting age
Dark Age
Ending age
Imperial Age
RankedLock teamsTeams togetherTeam positionsShared explorationLock speedFull tech treeHidden civsTurbo modeCheats
Victory
Defeat
🇹🇷 Chinese · Türkiye
541
+17
🇩🇪 Franks · Germany
493
+18
🇨🇭 Spanish · Switzerland
483
+19
🇪🇸 Vikings · Spain
435
+21
🇧🇴 Magyars · Bolivia
715
-50
🇭🇰 Celts · Hong Kong SAR China
533
-18
🇵🇰 Romans · Pakistan
496
-17
🇨🇳 Wei · China
445
-14
Whisky Romeo
8:18 Loom
12:37 Feudal Age
17:42 Double-Bit Axe
18:38 Wheelbarrow
21:01 Gold Mining
23:42 Castle Age
25:35 Fervor
28:05 Caravan
30:14 Hand Cart
29:58 Stone Mining
31:27 Ballistics
36:29 Imperial Age
33:55 Town Watch
35:51 Sanctity
35:28 Herbal Medicine
36:43 Coinage
35:45 Man-at-Arms
35:46 Pikeman
36:28 Squires
36:14 Gambesons
36:16 Arson
36:48 Forging
36:29 Fletching
36:47 Padded Archer Armor
36:50 Scale Mail Armor
38:45 Chemistry
37:59 Murder Holes
38:03 Crossbowman
38:07 Elite Skirmisher
40:28 Leather Archer Armor
40:43 Halberdier
40:45 Long Swordsman
43:18 Iron Casting
43:09 Chain Mail Armor
45:32 Block Printing
45:44 Illumination
47:05 Bodkin Arrow
48:12 Blast Furnace
47:44 Plate Mail Armor
soaring rush
12:28 Feudal Age
13:43 Wheelbarrow
12:54 Double-Bit Axe
12:54 Horse Collar
19:36 Castle Age
20:42 Hand Cart
20:30 Heavy Plow
20:47 Bow Saw
27:19 Caravan
29:06 Gold Mining
29:06 Stone Mining
30:53 Gold Shaft Mining
30:54 Stone Shaft Mining
31:04 Stone Shaft Mining
32:17 Husbandry
32:27 Bloodlines
32:33 Forging
32:28 Scale Barding Armor
38:09 Chain Barding Armor
39:11 Iron Casting
38:38 Scale Mail Armor
38:29 Fletching
38:40 Padded Archer Armor
42:58 Imperial Age
40:59 Chain Mail Armor
42:42 Leather Archer Armor
42:33 Bodkin Arrow
44:55 Two-Man Saw
44:56 Blast Furnace
44:26 Plate Mail Armor
44:33 Plate Barding Armor
43:29 Heavy Rocket Cart
43:32 Cavalier
44:28 Bracer
45:24 Ring Archer Armor
tarepo
1:46 Loom
15:05 Feudal Age
19:06 Castle Age
17:17 Double-Bit Axe
17:14 Horse Collar
18:06 Stone Mining
18:59 Gold Mining
20:11 Bow Saw
22:16 Wheelbarrow
22:35 Heavy Plow
22:32 Town Watch
27:57 Guard Tower
29:54 Caravan
30:36 Hand Cart
32:17 Stone Shaft Mining
35:42 Imperial Age
35:03 Husbandry
35:14 Bloodlines
35:28 Town Patrol
36:32 Masonry
37:25 Chemistry
36:54 Scale Barding Armor
37:01 Forging
36:27 Onager
37:34 Conscription
37:34 Fortified Wall
37:55 Architecture
37:21 Murder Holes
36:59 Cavalier
37:19 Light Cavalry
38:26 Chain Barding Armor
37:58 Fletching
38:10 Padded Archer Armor
40:40 Plate Barding Armor
40:41 Iron Casting
40:22 Leather Archer Armor
39:51 Elite Conquistador
42:00 Paladin
45:09 Hussar
46:52 Blast Furnace
46:23 Ring Archer Armor
ENDER
17:08 Feudal Age
18:14 Horse Collar
18:36 Double-Bit Axe
19:13 Gold Mining
22:58 Man-at-Arms
28:24 Castle Age
26:33 Stone Mining
29:09 Forging
28:59 Scale Mail Armor
29:05 Scale Barding Armor
28:51 Fletching
29:02 Padded Archer Armor
31:16 Long Swordsman
31:17 Pikeman
31:43 Gambesons
31:58 Squires
31:45 Arson
31:30 Crossbowman
34:51 Gold Shaft Mining
36:47 Bow Saw
36:43 Heavy Plow
39:31 Caravan
42:18 Imperial Age
42:19 Siphons
42:35 Ballistics
41:57 Treadmill Crane
42:14 Murder Holes
45:33 Two-Handed Swordsman
46:21 Champion
46:30 Cavalier
今天是魔王
0:41 Loom
12:48 Feudal Age
14:34 Gold Mining
15:52 Stone Mining
15:50 Horse Collar
19:07 Fletching
22:32 Wheelbarrow
25:20 Castle Age
26:08 Bodkin Arrow
27:17 Double-Bit Axe
28:32 Caravan
29:18 Arson
29:38 Stronghold
30:07 Bow Saw
31:15 Husbandry
33:13 Heavy Plow
38:40 Imperial Age
36:28 Light Cavalry
36:44 Pikeman
39:44 Forging
39:37 Scale Mail Armor
40:08 Conscription
40:03 Furor Celtica
41:05 Hand Cart
40:39 Town Watch
40:27 Hussar
41:15 Treadmill Crane
41:56 Ballistics
42:38 Chemistry
41:36 Murder Holes
43:44 Iron Casting
43:15 Scale Barding Armor
46:07 Hoardings
46:25 Siege Engineers
46:33 Masonry
46:16 Guard Tower
46:14 Arrowslits
Elite Savage
adilproya65
0:28 Loom
16:40 Feudal Age
17:18 Double-Bit Axe
17:25 Gold Mining
17:29 Stone Mining
17:23 Horse Collar
22:56 Castle Age
24:13 Bow Saw
24:06 Heavy Plow
29:15 Gold Shaft Mining
29:39 Forging
29:29 Scale Mail Armor
29:34 Scale Barding Armor
30:23 Fletching
31:15 Caravan
31:45 Coinage
34:28 Wheelbarrow
33:42 Town Watch
33:57 Town Watch
37:14 Imperial Age
36:04 Iron Casting
35:44 Chain Mail Armor
35:34 Scale Barding Armor
35:30 Padded Archer Armor
35:25 Bodkin Arrow
36:11 Hand Cart
35:58 Town Patrol
36:52 Ballistas
36:19 Pikeman
37:01 Squires
38:44 Crop Rotation
38:52 Elite Centurion
39:03 Sappers
39:56 Comitatenses
39:57 Conscription
40:41 Blast Furnace
40:01 Chain Barding Armor
39:56 Leather Archer Armor
40:50 Light Cavalry
40:50 Cavalier
41:30 Husbandry
41:40 Bloodlines
YH_LIMBER
15:14 Feudal Age
16:35 Wheelbarrow
15:58 Double-Bit Axe
19:15 Horse Collar
22:42 Gold Mining
23:07 Arson
23:20 Town Watch
28:14 Castle Age
30:13 Hand Cart
31:44 Stone Mining
36:15 Gold Shaft Mining
36:13 Bow Saw
36:54 Town Patrol
38:18 Scale Barding Armor
40:11 Chain Barding Armor
39:54 Scale Mail Armor
40:07 Corvinian Army
42:11 Chain Mail Armor
42:38 Heavy Plow
47:44 Imperial Age
Connection lost

Rejoining the realm…

Still unreachable

The connection could not be restored.

Session expired

The server has moved on; the page needs a fresh start.